 Dungeon Crawl Stone Soup version 0.29.1 (webtiles) character file.

Game seed: 9431072323673925829

139 qw the Chopper (level 5, -9/32 HPs)
             Began as a Gargoyle Fighter on Sept 13, 2022.
             Mangled by an ogre
             ... wielding a +0 giant spiked club
              (18 damage)
             ... on level 4 of the Dungeon.
             The game lasted 00:00:57 (2234 turns).

qw the Chopper (Gargoyle Fighter)                   Turns: 2234, Time: 00:00:57

Health: -9/32      AC: 13    Str: 21    XL:     5   Next: 22%
Magic:  5/5        EV:  9    Int:  9    God:
Gold:   256        SH:  4    Dex:  9    Spells: 4/4 levels left

rFire   . . .      SeeInvis .   Y - +0 war axe (venom)
rCold   . . .      Faith    .   c - +0 buckler
rNeg    + . .      Spirit   .   b - +0 scale mail
rPois   inf        Reflect  .   (no helmet)
rElec   +          Harm     .   j - +1 cloak
rCorr   .          Rampage  .   (no gloves)
Will    .....                   (no boots)
Stlth   ..........              g - amulet of regeneration
HPRegen 0.90/turn               k - +4 ring of slaying {mikee}
MPRegen 0.09/turn               (no ring)

@: about to teleport
A: sickness immunity, AC +4, negative energy resistance 1, electricity
resistance, torment resistance 1, petrification resistance
a: no special abilities


You were on level 4 of the Dungeon.
You visited 1 branch of the dungeon, and saw 4 of its levels.

You collected 256 gold pieces.


Innate Abilities, Weirdness & Mutations

You are immune to sickness and miasma.
Your stone body is resilient. (AC +4)
You are immune to poison.
You resist negative energy. (rN+)
You are resistant to electric shocks. (rElec)
You are resistant to unholy torment.
You are immune to petrification.


   Skills:
 - Level 3.2 Fighting
 + Level 4.8 Axes
 - Level 3.2 Armour
 - Level 3.2 Shields


You had 4 spell levels left.
You didn't know any spells.
Your spell library was empty.

Inventory:

Hand Weapons
 h - a +0 whip
 Y - a +0 war axe of venom (weapon)
Armour
 b - a +0 scale mail (worn)
 c - a +0 buckler (worn)
 j - a +1 cloak (worn)
Jewellery
 g - an amulet of regeneration (around neck)
 k - a +4 ring of slaying (left hand) {mikee}
Scrolls
 a - a scroll of teleportation
 e - 2 scrolls of fog
 n - a scroll of identify
Potions
 d - a potion of might
 f - a potion of curing
 i - a potion of lignification
 l - a potion of heal wounds
 p - a potion of invisibility {unknown}

Dungeon Overview and Level Annotations

Branches:
Dungeon (4/15)
 Temple: D:4-7

Altars:
Ashenzari
Sif Muna
Wu Jian


Message History

Things that are here:
a +0 whip; a +0 whip
There is a stone staircase leading down here.
You climb downwards.
Found 13 gold pieces.
There is a stone staircase leading up here.
Existing waypoints: (1) D:2 (2) D:3 Assign waypoint to what number? (0-9, D - delete waypoint) Waypoint 1 re-assigned from D:2 to D:4.
Found 2 stones.
You now have 256 gold pieces (gained 13).
Found a cloak.
An adder comes into view.
The adder hisses angrily.
An ogre comes into view. It is wielding a +0 giant spiked club.
2222 ||| Stepping ~*~*~tactically~*~*~ (stealth).
The ogre shouts!
You completely miss the adder.
The adder bites you but does no damage. x2
You closely miss the adder. You block the adder's attack.
You completely miss the adder. The adder closely misses you.
You block the adder's attack.
You miss the adder.
The adder bites you but does no damage. x2
You barely miss the adder.
The adder bites you but does no damage. x2
You slash the adder!
You kill the adder!
You barely miss the ogre.
The ogre hits you with a +0 giant spiked club!
You closely miss the ogre.
The ogre hits you with a +0 giant spiked club!
2234 ||| READING 2 scrolls of teleportation.
As you read the scroll of teleportation, it crumbles to dust.
You feel strangely unstable.
The ogre hits you with a +0 giant spiked club!!
Ouch! That really hurt!
You die...

# # ###
....#.#######.##
#....<.......#
#.#....#####.##
##..## #.# ##.
#.# .# #.# ..
#.## .#+ #@.# (.
##O# #.# #.[
#... .!...
....## #...#
#.#.#


You could see an ogre.

Vanquished Creatures
  An iguana (D:3)
  3 gnolls (D:3)
  2 adders
  3 worms
  5 bats
  5 endoplasms
  3 giant cockroaches
  6 hobgoblins
  3 jackals (D:1)
  8 kobolds
  3 quokkas
  7 ball pythons
  2 frilled lizards
  3 goblins
  4 rats
58 creatures vanquished.

Notes
Turn   | Place    | Note
-------+----------+-------------------------------------------
     0 | D:1      | qw the Gargoyle Fighter began the quest for the Orb.
     0 | D:1      | Reached XP level 1. HP: 14/14 MP: 1/1
     0 | D:1      | 0 ||| qw: Version: 0.1-a-119-g272c26d
     0 | D:1      | 0 ||| qw: Game counter: 11212
     0 | D:1      | 0 ||| qw: Always use a shield: true
     0 | D:1      | 0 ||| qw: God list: Okawaru
     0 | D:1      | 0 ||| qw: Allow faded altars: false
     0 | D:1      | 0 ||| qw: Do Orc after D:15 true
     0 | D:1      | 0 ||| qw: Do second Lair branch before Depths: true
     0 | D:1      | 0 ||| qw: Lair rune preference: random
     0 | D:1      | 0 ||| qw: Plans: Normal, Zot, God:TSO, Crypt, Tomb, Pan,
                  | Slime, Hells, Zig, Abyss, Orb
     0 | D:1      | 0 ||| PLANNING D:1-11
    43 | D:1      | Found a faded altar of an unknown god.
   124 | D:1      | Reached skill level 2 in Axes
   245 | D:1      | Reached XP level 2. HP: 19/19 MP: 2/2
   623 | D:1      | 623 ||| UPGRADING to +0 cloak.
   628 | D:1      | 628 ||| READING 4 scrolls labelled RITOUNUHIT.
   631 | D:1      | 631 ||| READING scroll labelled UZOSKE HYOJO.
   632 | D:1      | 632 ||| READING scroll labelled VAKLUCWUYTT.
   633 | D:1      | 633 ||| READING scroll labelled VUSTROPN URCHA.
   686 | D:2      | Reached skill level 3 in Axes
   727 | D:2      | Reached XP level 3. HP: 22/23 MP: 3/3
   902 | D:2      | 902 ||| DROPPING +0 club.
  1529 | D:2      | 1529 ||| UPGRADING to amulet of regeneration.
  1534 | D:2      | 1534 ||| UPGRADING to +4 ring of slaying {mikee}.
  1535 | D:2      | 1535 ||| READING 3 scrolls labelled QOK OLEOZOTH.
  1536 | D:2      | 1536 ||| READING scroll labelled NUAHYTAODO.
  1537 | D:2      | 1537 ||| DRINKING 2 sedimented pink potions.
  1538 | D:2      | 1538 ||| DROPPING 2 scrolls of noise.
  1593 | D:3      | Reached XP level 4. HP: 28/28 MP: 4/4
  1652 | D:3      | Found a shimmering blue altar of Sif Muna.
  1668 | D:3      | 1668 ||| READING 2 scrolls of identify.
  1668 | D:3      | 1668 ||| IDENTIFYING sapphire potion
  1669 | D:3      | 1669 ||| READING 3 scrolls of teleportation.
  1699 | D:3      | 1699 ||| READING scroll of enchant armour.
  1699 | D:3      | 1699 ||| ENCHANTING +0 cloak.
  1779 | D:3      | Reached skill level 4 in Axes
  1799 | D:3      | Found a broken altar of Ashenzari.
  1874 | D:3      | 1874 ||| Stepping ~*~*~tactically~*~*~ (stealth).
  1990 | D:3      | Found an ornate altar of the Wu Jian Council.
  2118 | D:3      | 2118 ||| Stepping ~*~*~tactically~*~*~ (stealth).
  2119 | D:3      | 2119 ||| Stepping ~*~*~tactically~*~*~ (stealth).
  2120 | D:3      | 2120 ||| Stepping ~*~*~tactically~*~*~ (stealth).
  2138 | D:3      | Reached XP level 5. HP: 29/32 MP: 5/5
  2167 | D:3      | 2167 ||| DRINKING 2 lumpy black potions.
  2168 | D:3      | 2168 ||| READING 3 scrolls of identify.
  2168 | D:3      | 2168 ||| IDENTIFYING white potion
  2169 | D:3      | 2169 ||| READING 2 scrolls of identify.
  2169 | D:3      | 2169 ||| IDENTIFYING fizzy pink potion
  2170 | D:3      | 2170 ||| DROPPING potion of degeneration.
  2171 | D:3      | 2171 ||| DROPPING potion of flight.
  2221 | D:4      | Noticed an ogre
  2222 | D:4      | 2222 ||| Stepping ~*~*~tactically~*~*~ (stealth).
  2233 | D:4      | HP: 8/32 [ogre/+0 giant spiked club (13)]
  2234 | D:4      | 2234 ||| READING 2 scrolls of teleportation.
  2234 | D:4      | Mangled by an ogre

Levels and vault maps discovered:
D:1:      dpeg_arrival_connections, layout_basic,
          shapermc_ecumenical_altar_notcrosses, interstate_on_off
D:2:      layout_basic, serial_curves, eino_curves_02, eino_curves_01,
          eino_curves_01
D:3:      layout_loops_ring, amcnicky_altar_gilded, ashenzari_altar_1,
          nzn_wu_jian_contemplation
D:4:      layout_loops_corners, minmay_ogre_servants

Skill      XL: |  1  2  3  4 |
---------------+-------------+-----
Axes           | 2 3 4 |  4.8
Fighting       | |  3.2
Armour         | |  3.2
Shields        | |  3.2

Action                   |  1- 3 |  4- 6 || total
-------------------------+-------+-------++-------
Melee: War axe           |   115 |    46 ||   161
  Use: Scroll            |     6 |     6 ||    12
       Potion            |     1 |     1 ||     2
Armor: Scale mail        |    59 |    19 ||    78
Dodge: Dodged            |    56 |    15 ||    71
Block: Buckler           |    13 |     9 ||    22

Table legend:
 A = Non-vault XP
 B = Vault XP
 C = Vault XP percentage of total XP
 D = Non-vault monster count
 E = Vault monster count
 F = Vault count percentage of total count
                 A         B        C        D         E       F
            +---------+---------+-------+---------+---------+-------
      Total |     199 |       0 |   0.0 |      58 |       0 |   0.0
            +---------+---------+-------+---------+---------+-------
        D:1 |      22 |       0 |   0.0 |      13 |       0 |   0.0
        D:2 |      56 |       0 |   0.0 |      23 |       0 |   0.0
        D:3 |     108 |       0 |   0.0 |      21 |       0 |   0.0
        D:4 |      13 |       0 |   0.0 |       1 |       0 |   0.0
            +---------+---------+-------+---------+---------+-------
